 Dungeon Crawl Stone Soup version 0.28.0 (webtiles) character file.

Game seed: 14207831886371051492

20 mortz the Chiller (level 2, -2/20 HPs)
             Began as a Draconian Ice Elementalist on Feb 12, 2022.
             Slain by an adder (4 damage)
             ... on level 2 of the Dungeon.
             The game lasted 00:12:08 (1712 turns).

mortz the Chiller (Draconian Ice Elementalist)      Turns: 1712, Time: 00:12:09

Health: -2/20      AC:  4    Str: 10    XL:     2   Next: 58%
Magic:  5/5        EV: 12    Int: 15    God:
Gold:   42         SH:  0    Dex: 11    Spells: 4/5 levels left

rFire   . . .      SeeInvis .   (no weapon)
rCold   . . .      Faith    .   (no shield)
rNeg    . . .      Spirit   .   (armour unavailable)
rPois   .          Reflect  .   (helmet restricted)
rElec   .          Harm     .   (no cloak)
rCorr   .          Rampage  .   (no gloves)
Will    .....                   (no boots)
Stlth   ++........              (no amulet)
HPRegen 0.06/turn               (no ring)
MPRegen 0.09/turn               (no ring)

@: no status effects
A: AC +4, unfitting armour, cold-blooded
a: no special abilities


You were on level 2 of the Dungeon.
You visited 1 branch of the dungeon, and saw 2 of its levels.

You collected 42 gold pieces.

Inventory:

Armour
 c - a +0 robe
Scrolls
 b - a scroll of blinking {unknown}
 e - a scroll of identify {unknown}
 g - a scroll of amnesia {unknown}
Potions
 a - 2 potions of mutation {unknown}
 d - a potion of attraction {unknown}
 f - a potion of berserk rage {unknown}


   Skills:
 + Level 1.8 Dodging
 + Level 1.9 Stealth
 + Level 0.1 Unarmed Combat
 + Level 2.3 Spellcasting
 + Level 4.4 Ice Magic


You had 4 spell levels left.
You knew the following spells:

 Your Spells              Type           Power      Damage    Failure   Level
a - Freeze                Ice            60%        1d8       3%          1

Your spell library contained the following spells:

 Spells                   Type           Power      Damage    Failure   Level
 Frozen Ramparts          Ice            30%        1d5       11%         3
 Ozocubu's Armour         Ice            15%        N/A       11%         3
 Call Imp                 Summ           1%         N/A       32%         2
 Passwall                 Tmut/Erth      0%         N/A       32%         2
 Hailstorm                Conj/Ice       8%         3d4       65%         4
 Borgnjor's Vile Clutch   Necr/Erth      0%         N/A       99%         5
 Haunt                    Necr/Summ      0%         N/A       100%        7


Dungeon Overview and Level Annotations

Branches:
Dungeon (2/15)

Altars:


Innate Abilities, Weirdness & Mutations

Your plain brown scales are hard. (AC +4)
You cannot fit into any form of body armour.
You are cold-blooded and may be slowed by cold attacks.


Message History

You hit the endoplasm but do no damage.
Your tail-slap misses the endoplasm.
The endoplasm is moderately wounded.
The endoplasm freezes you.
You are frozen.
You feel yourself slow down.
You hit the endoplasm.
The endoplasm is severely wounded.
The adder hisses angrily.
The endoplasm barely misses you.
You hit the endoplasm.
You kill the endoplasm!
A worm comes into view.
You barely miss the rat.
You tail-slap the rat, but do no damage.
The rat twitches its whiskers.
The rat barely misses you. The rat bites you but does no damage.
You barely miss the rat.
You feel yourself speed up. The adder bites you. The rat misses you.
The adder bites you but does no damage.
You hit the rat.
You kill the rat!
The adder bites you.
You hit the adder but do no damage. The adder bites you.
You are poisoned.
The adder poisons you!
You barely miss the adder. You tail-slap the adder.
The adder is lightly wounded.
You feel sick. The adder closely misses you. The adder bites you.
You barely miss the adder.
You feel sick. The adder bites you but does no damage.
You closely miss the adder.
You feel sick. The adder bites you.
* * * LOW HITPOINT WARNING * * *
You feel sick.
You feel sick.
You are no longer poisoned.
The adder closely misses you. The adder bites you but does no damage.
There is a stone staircase leading up here.
The adder bites you.
You die...

.. ... ##.# ...
#... .. #... ..
#... .#
####...#########.#
.....).....#...#w#
.......@S...w#.[.#
...J.......#....##
####...######.#.#
#... #...... #...
#.##..... #... #.
#.#.#.# ##.# #.
#....... .. ..
..#..# . #> .#..#


You could see a worm, an adder and an endoplasm (asleep).

Vanquished Creatures
  A ball python (D:1)
  3 endoplasms
  2 giant cockroaches (D:1)
  3 hobgoblins (D:1)
  A bat (D:1)
  7 frilled lizards (D:1)
  3 rats
20 creatures vanquished.

Vanquished Creatures (others)
  11 plants (D:1)
11 creatures vanquished.

Grand Total: 31 creatures vanquished

Notes
Turn   | Place    | Note
-------+----------+-------------------------------------------
     0 | D:1      | mortz the Draconian Ice Elementalist began the quest for
                  | the Orb.
     0 | D:1      | Reached XP level 1. HP: 14/14 MP: 3/3
   605 | D:1      | Got Reolawk's Grimoire of Dusty Calling
   682 | D:1      | Reached XP level 2. HP: 20/20 MP: 3/5
  1712 | D:2      | Slain by an adder

Illustrated notes

Levels and vault maps discovered:
D:1:      roderic_crop_circles_arrival_large, layout_basic, minmay_lizard_pond
D:2:      layout_loops_cross, dreamdust_ecumenical_altar_drowned_temple,
          hangedman_abyss_or_decor_stabs

Action                   || total
-------------------------++-------
Melee: Unarmed           ||    53
       Tailslap          ||    10
 Cast: Freeze            ||    14
 Stab: Sleeping          ||     3
Armor: Skin              ||    16
Dodge: Dodged            ||    37
